 Dungeon Crawl Stone Soup version 0.30-a0-272-gf98c3da03f (webtiles) character file.

Game seed: 11865531193403597970

37 gruber the Sneak (level 3, -6/37 HPs)
             Began as a Gnoll Wanderer on Oct 16, 2022.
             Mangled by Sigmund
             ... wielding a +2 scythe of protection
              (9 damage)
             ... on level 2 of the Dungeon.
             The game lasted 00:02:13 (1068 turns).

gruber the Sneak (Gnoll Wanderer)                   Turns: 1068, Time: 00:02:14

Health: -6/37      AC: 21    Str:  8    XL:     3   Next: 39%
Magic:  4/4        EV:  2    Int: 12    God:
Gold:   89         SH:  6    Dex: 21    Spells: 3/3 levels left

rFire   . . .      SeeInvis .    t - +0 dagger (venom)
rCold   . . .      Faith    .    e - +0 buckler
rNeg    . . .      Spirit   .    (body armour currently unavailable)
rPois   +          Reflect  .    (helmet currently unavailable)
rElec   .          Harm     .    (cloak currently unavailable)
rCorr   .          Rampage  .    (gloves currently unavailable)
Will    .....      NoTele   +    (boots currently unavailable)
Stlth   ++++......               (no amulet)
HPRegen 0.26/turn                r - +6 ring of dexterity
MPRegen 0.09/turn                (no ring)

@: tree-form
A: stationary, stasis, torment immunity, boosted hp, (fangs 1), strong nose,
distributed training
a: no special abilities


You were on level 2 of the Dungeon.
You were a tree.
You visited 1 branch of the dungeon, and saw 2 of its levels.

You collected 89 gold pieces.

Inventory:

Hand Weapons
 a - a +0 dagger
 d - a +0 falchion
 t - a +0 dagger of venom (weapon)
Missiles
 b - 2 atropa-tipped darts (quivered)
 c - a datura-tipped dart
 h - 4 poisoned darts
Armour
 e - a +0 buckler (worn)
 g - a +0 robe
 k - a +0 pair of gloves (melded)
 l - a +0 leather armour (melded)
Jewellery
 r - a +6 ring of dexterity (left branch)
Scrolls
 j - 2 scrolls of fog {unknown}
 n - a scroll of enchant armour {unknown}
 o - 2 scrolls of teleportation {unknown}
Potions
 i - a potion of cancellation {unknown}
 m - a potion of berserk rage {unknown}
 p - 2 potions of brilliance {unknown}
 q - a potion of attraction {unknown}
 s - 2 potions of heal wounds {unknown}


   Skills:
 + Level 0.8 Fighting
 + Level 0.8 Short Blades
 + Level 2.6 Long Blades
 + Level 0.8 Axes
 + Level 0.8 Maces & Flails
 + Level 0.8 Polearms
 + Level 0.8 Staves
 + Level 0.8 Ranged Weapons
 + Level 0.8 Throwing
 + Level 6.5 Armour
 + Level 0.8 Dodging
 + Level 7.8 Stealth
 + Level 4.5 Shields
 + Level 0.8 Unarmed Combat
 + Level 0.8 Spellcasting
 + Level 0.5 Conjurations
 + Level 0.5 Hexes
 + Level 0.5 Summonings
 + Level 0.5 Necromancy
 + Level 0.5 Translocations
 + Level 0.5 Transmutations
 + Level 0.5 Fire Magic
 + Level 0.5 Ice Magic
 + Level 0.5 Air Magic
 + Level 0.5 Earth Magic
 + Level 0.5 Poison Magic
 + Level 1.0 Invocations
 + Level 0.8 Evocations


You had 3 spell levels left.
You didn't know any spells.
Your spell library contained the following spells:

 Spells                   Type           Power      Damage    Failure   Level
 Magic Dart               Conj           4%         1d3       30%         1
 Call Imp                 Summ           1%         N/A       43%         2
 Mephitic Cloud           Conj/Pois/Air  1%         N/A       67%         3


Dungeon Overview and Level Annotations

Branches:
Dungeon (2/15)

Altars:

Shops:
D:1 (:(=*

Annotations:
D:2 Sigmund


Innate Abilities, Weirdness & Mutations

You are a tree.
Your roots penetrate the ground, keeping you stationary.
You cannot be teleported.
You are immune to unholy pain and torment.
Your maximum health is greatly increased.
Your equipment is partially melded.
((You have very sharp teeth.))
Your uncanny sense of smell can sniff out nearby items.
Your experience applies equally to all skills.


Message History

You miss something.
A goblin comes into view. It is wielding a +0 club.
You block something's attack.
You miss something. You miss something. Something completely misses you.
You hit something.
An adder comes into view.
Something hits you!
You closely miss something. You closely miss something. Something hits you!
You barely miss something.
You hear some strange, mumbled words.
You are confused.
You closely miss something. Your bite misses something.
Something hits you but does no damage.
Unknown command.
Unknown command.
Really quaff the potion of lignification?
Okay, then.
You're too confused to attack without stumbling around!
You're too confused to attack without stumbling around!
You're too confused to attack without stumbling around!
Really quaff the potion of lignification?
You turn into a tree.
Your +0 pair of gloves melds into your body.
Your +0 leather armour melds into your body.
Your roots penetrate the ground.
Something hits you but does no damage.
Unknown command.
Unknown command.
Something hits you but does no damage.
You feel less confused. Something hits you.
* * * LOW HITPOINT WARNING * * *
Something completely misses you. Something hits you but does no damage.
Something hits you!
* * * LOW HITPOINT WARNING * * *
Something hits you but does no damage. Something hits you!
You die...

##########
###).......####
#.............#######
#.#.######.##.♣†{S..#
#.#.# #.######......
##.#.# #.# ∆...#.
##....# #.. ..#
#.....# #.# ...
#.....# #.. ∆ ..
#.....# #.. .
##....##### >#
##.#.....# .#


You could see an adder.

Vanquished Creatures
  A gnoll (D:1)
  A worm (D:2)
  4 ball pythons
  3 endoplasms
  4 goblins
  2 hobgoblins (D:2)
  2 kobolds (D:1)
  2 quokkas (D:1)
  2 frilled lizards (D:1)
  A rat (D:1)
22 creatures vanquished.

Notes
Turn   | Place    | Note
-------+----------+-------------------------------------------
     0 | D:1      | gruber the Gnoll Wanderer began the quest for the Orb.
     0 | D:1      | gruber set off with the following items: a +0 dagger, 2
                  | atropa-tipped darts, a datura-tipped dart, a +0 falchion, a
                  | +0 buckler, a potion of lignification, a +0 robe.
     0 | D:1      | Reached XP level 1. HP: 13/13 MP: 1/1
    33 | D:1      | Found Pepat's Weapon Shoppe.
   295 | D:1      | Found Onecw's Antique Weapon Emporium.
   311 | D:1      | Reached XP level 2. HP: 19/19 MP: 2/2
   339 | D:1      | Found Jugial's Assorted Antiques.
   412 | D:1      | Found Ninnuqit's Jewellery Boutique.
   507 | D:1      | Found Jalyt's Book Boutique.
   875 | D:1      | Reached XP level 3. HP: 15/25 MP: 2/4
   947 | D:2      | Identified the +4 ring mail of Plasticity {rElec MP+9 Str+2
                  | Slay-4}
  1030 | D:2      | Reached skill level 1 in Invocations
  1045 | D:2      | Noticed Sigmund
  1068 | D:2      | Mangled by Sigmund

Illustrated notes

Levels and vault maps discovered:
D:1:      scummos_arrival_simple_fountains, layout_loops_cross, serial_shops,
          shop, nicolae_shop_hallway_plus,
          nicolae_shop_temple_entry_statues_fountains, shop, nicolae_shop_trees
D:2:      layout_loops_ring, minivault_5, feat_on_display, uniq_sigmund

Skill      XL: |  1  2  3 |
---------------+----------+-----
Invocations    | 1 |  1.0
Fighting       | |  0.8
Short Blades   | |  0.8
Long Blades    | |  2.6
Axes           | |  0.8
Maces & Flails | |  0.8
Polearms       | |  0.8
Staves         | |  0.8
Ranged Weapons | |  0.8
Throwing       | |  0.8
Armour         | |  6.5
Dodging        | |  0.8
Stealth        | |  7.8
Shields        | |  4.5
Unarmed Combat | |  0.8
Spellcasting   | |  0.8
Conjurations   | |  0.5
Hexes          | |  0.5
Summonings     | |  0.5
Necromancy     | |  0.5
Translocations | |  0.5
Transmutations | |  0.5
Fire Magic     | |  0.5
Ice Magic      | |  0.5
Air Magic      | |  0.5
Earth Magic    | |  0.5
Poison Magic   | |  0.5
Evocations     | |  0.8

Action                   || total
-------------------------++-------
Melee: Falchion          ||    59
       Bite              ||     4
       Dagger            ||     8
  Use: Potion            ||     1
 Stab: Sleeping          ||    12
Armor: Leather armour    ||    10
       Skin              ||     4
Dodge: Dodged            ||    20
Block: Buckler           ||    11

Table legend: (Time is in decaauts)
 A = Elapsed time spent in this place.
 B = Non-inter-level travel time spent in this place.
 C = Inter-level travel time spent in this place.
 D = Time resting spent in this place.
 E = Time spent auto-exploring this place.
 F = Levels seen in this place.
 G = Mean time per level.
                   A        B        C        D        E       F      G
               +--------+--------+--------+--------+--------+-----+--------+
         Total |   1078 |    969 |    109 |      0 |    749 |   2 |  539.0 |
       Dungeon |   1078 |    969 |    109 |      0 |    749 |   2 |  539.0 |
               +--------+--------+--------+--------+--------+-----+--------+

Top non-repeatable levels by time:
     D:1: 837 daAuts
     D:2: 241 daAuts
